Map: Acropolis LE

Players

Stephano - Winner!

  • Race: Zerg Zerg
  • Spawn Location: 11:00

TIME (Oliveira)

  • Race: Terran Terran
  • Spawn Location: 5:00

VOD

Have the link to the VOD?

Description

Time

  • Played on: Sept. 6, 2019, 7:36 p.m.
  • Length: 15:42
Show
View Real Time Build Order
Export as new Build Order

Stephano Zerg - Winner!

Build Orders: Hatch First 

Get SALT Encoding   

  12  0:00  Drone  
  13  0:12  Overlord  
  13  0:16  Drone  
  14  0:30  Drone x2  
  16  0:47  Hatchery  
  15  0:51  Drone  
  15  0:54  Drone  
  17  0:57  Drone  
  18  1:08  Extractor  
  17  1:12  Spawning Pool  
  17  1:15  Drone  
  17  1:19  Drone  
  18  1:28  Drone  
  19  1:38  Drone  
  20  1:50  Drone  
  21  1:59  Queen x2  
  21  2:00  Zergling x4  
  27  2:10  Overlord  
  27  2:11  Drone  
  28  2:19  Hatchery  
  28  2:22  Drone  
  28  2:28  Drone  
  29  2:31  Drone  
  29  2:34  Drone  
  31  2:37  Queen  
  33  2:45  Metabolic Boost  
  33  2:46  Overlord  
  33  2:50  Drone  
  34  2:53  Drone  
  34  2:55  Drone  
  36  3:04  Drone  
  37  3:06  Drone  
  37  3:08  Drone x3  
  41  3:13  Queen  
  41  3:15  Overlord  
  43  3:21  Drone  
  44  3:28  Overlord  
  44  3:30  Queen  
  44  3:31  Queen  
  48  3:35  Drone  
  48  3:36  Drone  
  48  3:37  Drone  
  48  3:39  Drone  
  52  3:42  Drone x2  
  52  3:45  Drone  
  52  3:47  Drone x2  
  57  3:50  Drone  
  57  3:52  Drone  
  57  3:55  Overlord  
  59  3:59  Queen  
  59  4:02  Drone  
  62  4:05  Drone  
  62  4:06  Drone x2  
  65  4:13  Overlord  
  65  4:14  Drone x5  
  69  4:24  Evolution Chamber  
  69  4:25  Zergling x4, Evolution Chamber  
  69  4:26  Zergling x6  
  72  4:37  Spore Crawler, Queen  
  72  4:38  Spore Crawler, Extractor  
  72  4:39  Spore Crawler, Extractor  
  72  4:43  Drone x5  
  74  4:46  Overlord  
  74  4:48  Overlord  
  74  4:52  Overlord  
  74  4:55  Zerg Ground Armor Level 1, Zerg Melee Weapons Level 1  
  74  5:04  Overlord  
  74  5:05  Zergling x14  
  81  5:17  Lair  
  81  5:19  Queen  
  83  5:25  Zergling x2  
  83  5:26  Zergling x8  
  83  5:27  Hatchery  
  87  5:29  Overlord  
  87  5:36  Drone x4  
  87  5:37  Overlord  
  91  5:48  Drone x3  
  91  5:49  Baneling Nest  
  93  5:50  Queen  
  93  5:56  Overlord  
  95  6:03  Drone x9  
  104  6:09  Drone x2  
  104  6:10  Extractor  
  105  6:11  Extractor  
  105  6:17  Zergling x4  
  105  6:25  Queen x2  
  102  6:26  Zergling x16  
  114  6:33  Zergling x6  
  113  6:43  Zergling x10  
  109  6:48  Centrifical Hooks  
  109  6:58  Queen, Drone x5  
  115  7:07  Drone x4  
  114  7:17  Zerg Melee Weapons Level 2  
  114  7:18  Zerg Ground Armor Level 2  
  114  7:20  Baneling x3  
  114  7:21  Drone x10, Baneling x2  
  124  7:24  Extractor  
  123  7:31  Zergling x12  
  123  7:36  Overseer  
  127  7:38  Zergling x4  
  127  7:41  Hatchery  
  127  7:43  Zergling x4  
  130  7:46  Infestation Pit  
  130  7:48  Hydralisk Den  
  121  7:52  Zergling x16  
  126  7:59  Zergling x12  
  126  8:03  Extractor  
  130  8:07  Zergling x8  
  130  8:12  Baneling x3  
  127  8:23  Baneling x2  
  127  8:24  Hydralisk x4, Muscular Augments, Hive, Baneling  
  127  8:26  Overlord x3  
  135  8:27  Overlord  
  135  8:28  Pneumatized Carapace  
  135  8:36  Overseer  
  135  8:37  Overlord  
  135  8:39  Baneling x4  
  135  8:46  Extractor  
  135  8:47  Baneling x6  
  134  8:50  Hydralisk x9, Overseer  
  134  8:51  Hydralisk  
  151  8:58  Zergling x18  
  152  9:09  Drone x4  
  158  9:10  Drone x2  
  158  9:17  Hydralisk x2  
  158  9:22  Baneling x3  
  160  9:27  Zergling x14  
  160  9:28  Zergling x12  
  169  9:35  Overlord x2  
  169  9:36  Grooved Spines  
  165  9:42  Zergling x24  
  174  9:48  Zergling x10  
  176  9:53  Spine Crawler  
  176  9:56  Zergling x2  
  176  9:57  Zergling x8  
  178  10:05  Zerg Melee Weapons Level 3, Zerg Ground Armor Level 3  
  177  10:10  Evolution Chamber  
  177  10:11  Drone x4  
  180  10:16  Overlord  
  180  10:18  Overlord  
  180  10:19  Overlord  
  180  10:20  Burrow  
  180  10:21  Drone, Hatchery  
  179  10:22  Drone x4  
  179  10:26  Adrenal Glands  
  179  10:27  Baneling  
  179  10:28  Hatchery, Baneling x9  
  183  10:36  Zergling x22  
  194  10:43  Overlord  
  193  10:51  Overlord  
  193  10:55  Zerg Missile Weapons Level 1  
  193  11:01  Hatchery  
  191  11:07  Hydralisk, Baneling  
  191  11:08  Hydralisk x3, Baneling x7  
  199  11:13  Spine Crawler  
  199  11:15  Spine Crawler  
  199  11:17  Overlord  
  189  11:24  Zergling x28  
  191  11:28  Hydralisk x7  
  188  11:34  Zergling x14  
  183  11:40  Zergling x12  
  188  11:50  Baneling  
  188  11:51  Overseer, Baneling x19  
  188  11:52  Overlord  
  188  12:02  Overseer x2  
  188  12:08  Zergling x28  
  199  12:18  Zergling x2  
  199  12:19  Zergling x16  
  193  12:23  Zergling x16  
  194  12:30  Zergling x10  
  185  12:38  Zergling x18  
  185  12:39  Zergling x6  
  193  12:46  Hydralisk x5  
  193  12:48  Zerg Missile Weapons Level 2  
  189  12:55  Zergling x2  
  189  12:56  Zergling x14  
  196  12:59  Zergling x8  
  200  13:08  Baneling x12  
  200  13:11  Overlord, Overseer  
  200  13:15  Baneling x9  
  197  13:34  Baneling x13  
  197  13:52  Hatchery  
  193  13:56  Hatchery  
  193  14:01  Hydralisk x3  
  193  14:02  Hydralisk x8  
  170  14:04  Zergling x18  
  155  14:10  Zergling x20  
  152  14:20  Hydralisk x9  
  152  14:22  Zergling x4  
  166  14:26  Zergling x4  
  166  14:27  Zergling x6  
  171  14:31  Drone  
  171  14:32  Drone x3  
  171  14:37  Baneling x11  
  175  14:42  Hydralisk x2  
  175  14:43  Hydralisk x2  
  183  14:49  Hydralisk x3  
  188  15:05  Hydralisk  
  188  15:06  Hydralisk x4  
  198  15:10  Baneling x6  
Show
View Real Time Build Order
Export as new Build Order

TIME Terran 

Build Orders: Hellion Opening, Reaper Expand 

Get SALT Encoding   

  12  0:00  SCV  
  13  0:12  SCV  
  14  0:17  Supply Depot  
  14  0:25  SCV  
  15  0:38  SCV  
  15  0:40  Barracks  
  16  0:45  Refinery  
  16  0:50  SCV  
  17  1:02  SCV  
  18  1:15  SCV  
  19  1:28  Reaper  
  19  1:29  Orbital Command  
  20  1:39  Barracks  
  20  1:41  Command Center  
  20  1:49  Supply Depot  
  20  1:55  SCV  
  20  2:00  Marine  
  22  2:07  SCV  
  23  2:10  Factory  
  23  2:15  Refinery  
  23  2:19  SCV  
  24  2:23  Barracks Reactor  
  24  2:31  SCV  
  25  2:43  SCV  
  26  2:54  Orbital Command  
  26  2:55  SCV  
  26  2:57  Starport  
  27  3:03  Hellion x2  
  27  3:05  Marine  
  32  3:09  SCV  
  33  3:19  SCV  
  34  3:21  SCV  
  34  3:24  Hellion x2  
  34  3:25  Supply Depot  
  40  3:34  SCV x2, Viking  
  43  3:42  Barracks Tech Lab  
  43  3:47  Supply Depot, Hellion x2  
  48  3:48  SCV x2  
  49  4:00  SCV x2  
  51  4:04  Medivac  
  51  4:07  Supply Depot  
  51  4:09  Hellion  
  55  4:11  Supply Depot  
  55  4:12  SCV  
  55  4:14  SCV  
  55  4:15  Armory  
  57  4:24  SCV  
  57  4:30  SCV  
  59  4:33  Command Center  
  59  4:35  Hellion  
  61  4:39  Hellion  
  61  4:42  SCV  
  61  4:43  Marine, Stimpack  
  65  4:47  Supply Depot  
  65  4:55  SCV  
  66  5:00  Barracks  
  66  5:01  Marine, Barracks, Hellion  
  66  5:04  Hellion  
  71  5:15  SCV  
  71  5:19  Marine  
  71  5:20  SCV  
  74  5:23  Hellion  
  74  5:25  Starport Reactor, Hellion  
  74  5:27  Engineering Bay x2  
  74  5:28  SCV  
  79  5:33  SCV  
  80  5:37  Marine  
  80  5:39  Refinery  
  80  5:40  SCV, Refinery  
  82  5:46  Orbital Command  
  82  5:48  Widow Mine x2  
  82  5:49  SCV  
  87  5:54  Marine  
  88  5:59  SCV  
  88  6:01  Terran Infantry Armor Level 1, Terran Infantry Weapons Level 1  
  88  6:03  Barracks Reactor  
  89  6:08  SCV  
  89  6:10  Starport Reactor  
  90  6:12  Marine  
  90  6:15  Marine x2  
  90  6:16  Orbital Command, Widow Mine x2  
  97  6:20  SCV  
  97  6:22  SCV  
  99  6:30  Marine  
  99  6:32  SCV  
  101  6:39  Barracks  
  101  6:40  SCV  
  101  6:42  Supply Depot  
  101  6:44  Marine, SCV, Barracks  
  101  6:46  Widow Mine x2  
  98  6:47  Marine x2  
  98  6:48  Marine  
  98  6:49  Medivac x2  
  105  6:56  Supply Depot  
  105  6:58  Supply Depot  
  105  6:59  Marine  
  106  7:08  Marine  
  101  7:09  Marine  
  101  7:10  Marine x2  
  101  7:11  Widow Mine  
  101  7:13  SCV x3  
  100  7:17  Marine  
  100  7:20  Widow Mine  
  103  7:25  Marine, SCV x2  
  103  7:26  SCV, Supply Depot  
  103  7:27  Marine  
  103  7:28  Marine, Combat Shield  
  109  7:30  Barracks Reactor  
  109  7:38  Barracks Reactor  
  109  7:39  Marine x2  
  109  7:40  SCV x2, Widow Mine  
  109  7:41  SCV  
  109  7:42  Refinery  
  112  7:55  Marine  
  112  7:56  Marine  
  112  7:57  Marine x2  
  108  7:59  Medivac  
  108  8:00  Marine, Medivac, Widow Mine  
  108  8:01  SCV x2  
  115  8:05  Terran Infantry Weapons Level 2  
  115  8:11  Factory  
  115  8:12  Command Center  
  115  8:13  Marine  
  115  8:19  Marine  
  106  8:20  Marine x7  
  106  8:22  Widow Mine  
  106  8:24  SCV  
  117  8:29  Terran Infantry Armor Level 2  
  117  8:30  Supply Depot  
  117  8:31  Marine  
  118  8:34  SCV  
  118  8:37  Marine  
  118  8:38  Marine x2  
  118  8:40  Marine  
  123  8:43  SCV x2  
  123  8:44  Marine x2  
  123  8:46  Widow Mine x2  
  125  8:58  Marine  
  125  9:01  Factory Tech Lab, Medivac x2  
  125  9:02  Marine x2  
  128  9:04  Marine x2  
  128  9:06  Marine  
  128  9:07  Barracks  
  128  9:08  Barracks  
  129  9:10  Barracks  
  129  9:12  Widow Mine x2  
  129  9:13  Marine x2  
  135  9:18  Sensor Tower  
  135  9:20  Drilling Claws  
  135  9:21  Widow Mine  
  135  9:23  Supply Depot x3  
  137  9:28  Marine  
  137  9:29  Planetary Fortress  
  137  9:31  Marine x2  
  136  9:34  Widow Mine x2  
  142  9:39  Marine x2, Liberator x2  
  142  9:43  Marine x2  
  141  9:48  Marine  
  139  9:53  Widow Mine  
  139  9:54  Marine x2  
  139  9:55  Marine, Barracks Tech Lab  
  139  9:57  Widow Mine x2  
  139  9:59  Marine  
  154  10:03  Marine x4  
  154  10:05  Marine  
  154  10:06  SCV x2  
  145  10:08  SCV  
  145  10:11  Barracks Tech Lab  
  144  10:14  Widow Mine  
  144  10:17  Command Center  
  144  10:19  Widow Mine, Barracks Tech Lab  
  144  10:21  Marine x2  
  148  10:22  Marauder  
  148  10:23  Widow Mine  
  148  10:28  Marine  
  144  10:32  Marauder x2  
  144  10:33  Marine x2  
  144  10:34  SCV  
  152  10:36  Widow Mine  
  152  10:42  Marine x2  
  156  10:44  Medivac x2  
  156  10:45  Marauder  
  156  10:48  Marine x3  
  156  10:49  Marauder  
  162  10:50  Widow Mine x2  
  162  10:51  SCV x2  
  162  10:52  Refinery  
  162  10:53  Starport, Refinery  
  162  10:54  Starport, Marauder  
  162  10:56  Terran Infantry Weapons Level 3  
  166  11:03  Marauder  
  166  11:04  Marine  
  168  11:06  Marauder  
  171  11:16  Marine x3, Marauder  
  171  11:17  Marauder  
  166  11:24  Liberator x2  
  148  11:28  Marine x2  
  148  11:29  Marauder  
  135  11:34  Marine  
  135  11:35  Marauder  
  135  11:39  Marine x2  
  129  11:41  Starport Reactor, Widow Mine x2  
  129  11:42  Starport Tech Lab  
  129  11:43  SCV  
  140  11:47  Marine  
  140  11:48  Marine x2, Marauder  
  140  11:51  Marine  
  140  11:52  Marine, Command Center, Marauder, Widow Mine  
  140  11:54  Fusion Core, Terran Vehicle And Ship Armor Level 1  
  151  12:03  Marine  
  151  12:07  Marine  
  146  12:09  Liberator x2, Widow Mine  
  146  12:11  Liberator  
  146  12:12  Marine, Sensor Tower  
  146  12:13  Widow Mine  
  149  12:18  Marine  
  149  12:19  Hellion, Marauder  
  138  12:23  Marine  
  138  12:25  Marine x2, Marauder  
  138  12:26  Marauder  
  137  12:31  Widow Mine  
  137  12:32  Marine  
  137  12:34  Orbital Command  
  132  12:37  Marine x2  
  132  12:38  Marauder, Widow Mine  
  132  12:39  SCV  
  138  12:46  Marine x2  
  138  12:47  Marauder  
  126  12:51  Marine  
  126  12:52  Marine x2, Widow Mine  
  126  12:53  Liberator  
  126  12:55  SCV  
  132  13:00  Liberator, SCV x2  
  132  13:05  Liberator, SCV  
  135  13:06  Orbital Command  
  135  13:10  Supply Depot  
  135  13:12  Advanced Ballistics  
  136  13:13  SCV  
  136  13:14  Liberator, SCV  
  136  13:17  Marine x2  
  141  13:23  Liberator, Widow Mine  
  141  13:25  SCV x2  
  148  13:33  Marine x3  
  154  13:35  SCV x2  
  154  13:39  Refinery  
  159  13:43  Widow Mine x2  
  159  13:47  Marauder  
  159  13:48  Marine, Marauder x2  
  170  13:51  Marine x3  
  170  13:52  Marauder  
  172  14:02  Marine  
  132  14:03  Widow Mine  
  132  14:04  Marine x2  
  132  14:05  Marine  
  132  14:07  Marine  
  132  14:09  Marine, Marauder x3  
  107  14:13  Marauder  
  107  14:14  SCV x3  
  107  14:15  Marine, SCV x2  
  105  14:18  Marine  
  105  14:19  Marine  
  105  14:22  Marine  
  105  14:24  Liberator x2  
  105  14:26  SCV x2  
  105  14:28  Marine x2  
  105  14:29  Liberator x2  
  105  14:30  Widow Mine x2  
  115  14:33  Marine  
  118  14:42  Marine x2  
  124  14:48  Marine  
  124  14:49  Marauder  
  131  14:58  Marine x3, Marauder  
  136  15:00  Widow Mine  
  141  15:11  Marine  
  141  15:14  Marine, Supply Depot  
  141  15:19  Marine  
  144  15:30  Sensor Tower  
Tags
 
Add a new tag
Caveats
  • Supply blocks, unpowered buildings, or Contaminate may cause inaccurate times.
  • Supply counts are checked every 10 seconds.